 Dungeon Crawl Stone Soup version 0.29.0 (webtiles) character file.

Game seed: 12525243345857192653

72 Dorkslayer the Insei (level 4, -6/33 HPs)
             Began as a Djinni Transmuter on Sept 16, 2022.
             Mangled by an orc
             ... wielding a +0 flail
              (8 damage)
             ... on level 3 of the Dungeon.
             The game lasted 00:05:28 (3164 turns).

Dorkslayer the Insei (Djinni Transmuter)            Turns: 3164, Time: 00:05:29

Health: -6/33      AC:  4    Str: 11    XL:     4   Next: 50%
Gold:   95         EV: 12    Int: 15    God:
                   SH:  0    Dex: 13

rFire   + + .      SeeInvis .     - Unarmed
rCold   x . .      Faith    .   (no shield)
rNeg    . . .      Spirit   .   a - +0 robe
rPois   ∞          Reflect  .   (helmet currently unavailable)
rElec   .          Harm     .   (no cloak)
rCorr   .          Rampage  .   d - +1 pair of gloves
Will    .....                   (boots unavailable)
Stlth   +.........              (no amulet)
HPRegen 0.11/turn               (no ring)
MPRegen 0.00/turn               (no ring)

@: appendages, flying, hasted, very quick
A: horns 2, flying, sickness immunity, fire resistance 2, cold vulnerability 1,
float, innate caster, HP casting, extra vitality 1
a: End Transformation


You were on level 3 of the Dungeon.
You had temporarily grown beastly horns.
You visited 1 branch of the dungeon, and saw 3 of its levels.

You collected 95 gold pieces.

Inventory:

Missiles
 m - 2 boomerangs
Armour
 a - a +0 robe (worn)
 d - a +1 pair of gloves (worn)
 h - a +0 helmet (melded)
Scrolls
 c - a scroll of noise {unknown}
 f - a scroll of fog {unknown}
 g - a scroll of brand weapon {unknown}
 i - a scroll of identify {unknown}
 j - 3 scrolls of teleportation {unknown}
Potions
 b - 2 potions of lignification
 e - 2 potions of haste
 k - a potion of heal wounds {unknown}
 l - a potion of ambrosia {unknown}


   Skills:
 * Level 1.7 Fighting
 * Level 2.9 Dodging
 + Level 0.2 Stealth
 * Level 4.2 Unarmed Combat
 + Level 1.7 Spellcasting


You couldn't memorise any spells.
You knew the following spells:

 Your Spells              Type           Power      Damage    Failure   Level
a - Beastly Appendage     Tmut           12%        N/A       12%         1
b - Wereblood             Tmut           6%         N/A       17%         2
c - Spider Form           Tmut/Pois      6%         N/A       34%         3
d - Ice Form              Ice/Tmut       6%         N/A       75%         4
e - Sting                 Tmut/Pois      24%        1d4       12%         1
Your spell library was empty.

Dungeon Overview and Level Annotations

Branches:
Dungeon (3/15)

Altars:

Shops:
D:1 :   D:2 (


Innate Abilities, Weirdness & Mutations

You have temporarily grown beastly horns.
You are flying.
You are immune to sickness and miasma.
You are immune to poison.
Your flesh is very heat resistant. (rF++)
You are vulnerable to cold. (rC-)
You float through the air rather than walking.
You learn spells naturally, not from books.
Your magical power is your life essence.
You have superior vitality. (+4 MHP)


Message History

Confirm with . or Enter, or press ? or * to list all spells.
You grow a pair of large bovine horns.
Your +0 helmet melds into your body.
You hit the endoplasm. You headbutt the endoplasm.
You kill the endoplasm!
Your transformation is almost over.
An orc priest comes into view. It is wielding a +0 dagger.
The orc priest shouts!
You hear a shout!
An orc comes into view. It is wielding a +0 falchion.
The orc shouts!
You hear a shout!
An orc comes into view. It is wielding a +0 flail.
An orc comes into view. It is wielding a +0 club.
The orc priest mumbles some strange prayers to Beogh against you.
Beogh smites you!
Your horns disappear.
Your +0 helmet unmelds from your body.
Casting: Beastly Appendage (safe; 12% risk of failure)
Confirm with . or Enter, or press ? or * to list all spells.
You grow a pair of large bovine horns.
Your +0 helmet melds into your body.
The orc shouts!
The orc priest hits you with a +0 dagger.
An orc comes into view. It is wielding a +0 dagger.
The orc barely misses you.
You barely miss the orc priest.
The orc shouts!
Your headbutt misses the orc priest.
The orc priest hits you but does no damage.
The orc hits you with a +0 falchion.
You barely miss the orc priest. Your headbutt misses the orc priest.
The orc barely misses you.
The orc priest mumbles some strange prayers to Beogh against you.
Beogh smites you!
* * * LOW HITPOINT WARNING * * *
Unknown command.
It was a potion of haste.
You feel yourself speed up. The orc misses you. x2
The orc priest hits you with a +0 dagger.
* * * LOW HITPOINT WARNING * * *
The orc closely misses you.
You feel as though your hastened speed will last longer.
The orc hits you with a +0 flail!
You die...

#.#.#.#............##..#
.#<#.#....##............
#.#.#.#.>......#........
.#.#.#.......<.........#
#.#+#.#.................
.#...#..####.###...#.#.#
#....+#.# #.###...#
#...# .# #.......# ...#
# ##..o@#.# ..#
#..ooo...... .#
##..o....#.. .#
####.##.# .. ... .## ...
.. . .#


You could see an orc priest and 4 orcs.

Vanquished Creatures
  2 adders
  A worm (D:2)
  A dart slug (D:3)
  5 orcs
  4 endoplasms
  2 giant cockroaches
  2 goblins
  2 hobgoblins (D:1)
  3 jackals (D:2)
  4 quokkas
  3 ball pythons
  6 bats
  4 kobolds
  4 rats
43 creatures vanquished.

Notes
Turn   | Place    | Note
-------+----------+-------------------------------------------
     0 | D:1      | Dorkslayer the Djinni Transmuter began the quest for the
                  | Orb.
     0 | D:1      | Dorkslayer set off with the following spells memorised:
                  | Beastly Appendage, Wereblood, Spider Form, Ice Form.
     0 | D:1      | Reached XP level 1. HP: 17/17 MP: 0/0
   466 | D:1      | Reached XP level 2. HP: 18/22 MP: 0/0
   766 | D:1      | Found Goopoedgh's Book Boutique.
  1670 | D:2      | Reached XP level 3. HP: 21/27 MP: 0/0
  1670 | D:2      | Learned a level 1 spell: Sting
  2424 | D:2      | Found Duqam's Antique Weapon Shop.
  2437 | D:2      | Reached skill level 4 in Unarmed Combat
  2593 | D:2      | Reached XP level 4. HP: 32/32 MP: 0/0
  3164 | D:3      | Mangled by an orc

Illustrated notes

Levels and vault maps discovered:
D:1:      dpeg_arrival_pits, layout_loops_corners, serial_shops,
          nicolae_square_shop
D:2:      layout_basic, serial_shops, shop
D:3:      layout_basic, ebering_ghost_sewer_f, grunt_decor_resistance

Skill      XL: |  1  2  3 |
---------------+----------+-----
Unarmed Combat | 4 |  4.2
Fighting       | |  1.7
Dodging        | |  2.9
Stealth        | |  0.2
Spellcasting   | |  1.7

Action                   |  1- 3 |  4- 6 || total
-------------------------+-------+-------++-------
Melee: Unarmed           |   127 |    26 ||   153
       Headbutt          |     6 |     2 ||     8
       Punch             |     2 |       ||     2
 Cast: Beastly Appendage |    14 |     4 ||    18
  Use: Potion            |       |     2 ||     2
 Stab: Sleeping          |     1 |       ||     1
Armor: Robe              |    39 |     8 ||    47
Dodge: Dodged            |   110 |    23 ||   133
